 Dungeon Crawl Stone Soup version 0.30-a0-424-g7412bad402 (webtiles) character file.

Game seed: 11394560984666339643

67 PyroL the Grave Robber (level 4, -3/30 HPs)
             Began as a Demonspawn Necromancer on Dec 10, 2022.
             Slain by a goblin
             ... wielding a +2 dagger of electrocution
             ... led by Robin
              (16 damage)
             ... on level 2 of the Dungeon.
             The game lasted 00:04:13 (1211 turns).

PyroL the Grave Robber (Demonspawn Necromancer)     Turns: 1211, Time: 00:04:14

Health: -3/30      AC:  4    Str:  8    XL:     4   Next: 0%
Magic:  3/8        EV: 12    Int: 19    God:
Gold:   90         SH:  0    Dex: 13    Spells: 5/9 levels left

rFire   . . .      SeeInvis .    h - +0 dagger
rCold   . . .      Faith    .    (no shield)
rNeg    . . .      Spirit   .    a - +0 robe
rPois   .          Reflect  .    (no helmet)
rElec   .          Harm     .    i - +0 cloak
rCorr   .          Rampage  .    (no gloves)
Will    .....                    (no boots)
Stlth   ++........               (no amulet)
HPRegen 0.25/turn                (no ring)
MPRegen 0.11/turn                (no ring)

@: no status effects
A: sharp scales 1, demonic magic 1
a: no special abilities


You were on level 2 of the Dungeon.
You visited 1 branch of the dungeon, and saw 2 of its levels.

You collected 90 gold pieces.

Inventory:

Hand Weapons
 h - a +0 dagger (weapon)
Missiles
 e - 3 poisoned darts
Armour
 a - a +0 robe (worn)
 i - a +0 cloak (worn)
Scrolls
 c - 2 scrolls of teleportation {unknown}
 d - a scroll of enchant armour {unknown}
 f - a scroll of vulnerability {unknown}
 g - 2 scrolls of identify {unknown}
 k - a scroll of enchant weapon {unknown}
 l - a scroll of immolation {unknown}
Potions
 b - a potion of magic
 j - a potion of haste {unknown}


   Skills:
 - Level 1.7 Dodging
 - Level 1.7 Stealth
 + Level 3.1 Spellcasting
 + Level 5.3 Necromancy


You had 5 spell levels left.
You knew the following spells:

 Your Spells              Type           Power      Damage    Failure   Level
a - Necrotise             Necr           92%        1d8       1%          1
b - Vampiric Draining     Necr           23%        2d7       4%          3

Your spell library contained the following spells:

 Spells                   Type           Power      Damage    Failure   Level
 Sublimation of Blood     Necr           23%        N/A       2%          2
 Animate Dead             Necr           23%        N/A       17%         4
 Agony                    Necr           23%        N/A       43%         5
 Petrify                  Tmut/Erth      3%         N/A       83%         4
 Irradiate                Conj/Tmut      1%         3d12      99%         5


Dungeon Overview and Level Annotations

Branches:
Dungeon (2/15)

Altars:

Annotations:
D:2 Robin


Innate Abilities, Weirdness & Mutations

You are partially covered in razor-sharp scales. (AC +1, Slay +1)
Spells you cast may paralyse adjacent enemies.


Message History

Aiming: Necrotise (safe; 1% risk of failure)
Press: ? - help, Shift-Dir - straight line, f - goblin
Aim: a goblin, wielding a +0 club (ally target, chance to affect: 91%)
The goblin writhes in agony.
The goblin hits you with a +0 club.
Robin roars a battlecry!
The goblins go into a battle-frenzy!
Unknown command.
You closely miss the goblin.
The goblin is heavily wounded.
The goblin hits you but does no damage.
Unknown command.
You hit the goblin.
You kill the goblin!
The goblin no longer looks unusually strong.
You have reached level 4!
You feel clever.
Your demonic ancestry asserts itself...
A menacing aura infuses your magic.
Casting: Necrotise (safe; 1% risk of failure)
Confirm with . or Enter, or press ? or * to list all spells.
Aiming: Necrotise (safe; 1% risk of failure)
Press: ? - help, Shift-Dir - straight line, f - goblin
Aim: a goblin, wielding a +2 dagger of electrocution (strong, ally target, chance to affect: 91%)
The goblin writhes in agony.
Malevolent energies surge around you.
The goblin hits you with a +2 dagger of electrocution.
Robin roars a battlecry!
The goblins go into a battle-frenzy!
Casting: Necrotise (safe; 1% risk of failure)
Confirm with . or Enter, or press ? or * to list all spells.
Aiming: Vampiric Draining (dangerous; 4% risk of failure)
Press: ? - help, Shift-Dir - straight line, f/p - goblin
Aim: a goblin, wielding a +2 dagger of electrocution (moderately wounded, strong, ally target)
Okay, then.
You closely miss the goblin.
The goblin is moderately wounded.
The goblin no longer looks unusually strong.
The goblin hits you with a +2 dagger of electrocution.
* * * LOW HITPOINT WARNING * * *
You are electrocuted!
Ouch! That really hurt!
You die...

#....#+## #. ###.#...#
#. #.#...# #. #.#...#
######. #.#...#
......^## #.#...######
........# #.#........#
.......g#####.'#######'#
g.....gggg@ZZ.#..###..##
g######g#######.....).#
#.# ##.....## #.#
#8._..# #.# ##.....## #
#.# #.....[.# .. #.#
###[.###..####. #.#
#.'### ###'#.#. #.##
#...#.


You could see Robin, 5 goblins and 2 friendly goblin skeletons.

Vanquished Creatures
  An adder (D:2)
  5 ball pythons (D:1)
  4 bats
  7 endoplasms
  A giant cockroach (D:1)
  11 goblins
  2 hobgoblins (D:1)
  3 jackals (D:1)
  2 kobolds
  2 quokkas
  2 frilled lizards (D:1)
  5 rats
45 creatures vanquished.

Vanquished Creatures (collateral kills)
  An endoplasm (D:1)
  A goblin (D:1)
  A quokka (D:1)
  A ball python (D:1)
4 creatures vanquished.

Grand Total: 49 creatures vanquished

Notes
Turn   | Place    | Note
-------+----------+-------------------------------------------
     0 | D:1      | PyroL the Demonspawn Necromancer began the quest for the
                  | Orb.
     0 | D:1      | Reached XP level 1. HP: 13/13 MP: 3/3
   164 | D:1      | Gained mutation: You are partially covered in razor-sharp
                  | scales. (AC +1, Slay +1) [demonic ancestry]
   164 | D:1      | Reached XP level 2. HP: 19/19 MP: 1/5
   470 | D:1      | Reached skill level 5 in Necromancy
   470 | D:1      | Reached XP level 3. HP: 24/24 MP: 2/7
   474 | D:1      | Learned a level 3 spell: Vampiric Draining
  1060 | D:2      | Found a faded altar of an unknown god.
  1190 | D:2      | Noticed Robin
  1210 | D:2      | Gained mutation: Spells you cast may paralyse adjacent
                  | enemies. [demonic ancestry]
  1210 | D:2      | Reached XP level 4. HP: 18/30 MP: 4/8
  1211 | D:2      | Slain by a goblin

Illustrated notes

Levels and vault maps discovered:
D:1:      grunt_arrival_crossed_arrows, layout_rooms
D:2:      layout_basic, hellmonk_ecumenical_altar_slurped_away,
          minmay_misc_feat_diagonals, uniq_robin, uniq_crazy_yiuf_cottage

Skill      XL: |  1  2  3 |
---------------+----------+-----
Necromancy     | 5 |  5.3
Spellcasting   | 3 |  3.1
Dodging        | |  1.7
Stealth        | |  1.7

Action                   |  1- 3 |  4- 6 || total
-------------------------+-------+-------++-------
Melee: Unarmed           |    20 |       ||    20
       Dagger            |    52 |     1 ||    53
 Cast: Necrotise         |    41 |     1 ||    42
 Stab: Sleeping          |     2 |       ||     2
Armor: Robe              |    28 |       ||    28
Dodge: Dodged            |    63 |       ||    63

Table legend: (Time is in decaauts)
 A = Elapsed time spent in this place.
 B = Non-inter-level travel time spent in this place.
 C = Inter-level travel time spent in this place.
 D = Time resting spent in this place.
 E = Time spent auto-exploring this place.
 F = Levels seen in this place.
 G = Mean time per level.
                   A        B        C        D        E       F      G
               +--------+--------+--------+--------+--------+-----+--------+
         Total |   1210 |   1180 |     30 |    160 |    656 |   2 |  605.0 |
       Dungeon |   1210 |   1180 |     30 |    160 |    656 |   2 |  605.0 |
               +--------+--------+--------+--------+--------+-----+--------+

Top non-repeatable levels by time:
     D:1: 823 daAuts
     D:2: 386 daAuts
